 Dungeon Crawl Stone Soup version 0.31-a0-7-g5178367 (webtiles) character file.

Game seed: 8259748460604217137

35 Nithhogg the Trooper (level 3, 0/33 HPs)
             Began as a Hill Orc Fighter on May 5, 2023.
             Succumbed to a kobold's poison
             ... on level 2 of the Dungeon.
             The game lasted 00:02:40 (844 turns).

Nithhogg the Trooper (Hill Orc Fighter)              Turns: 844, Time: 00:02:40

Health: 0/33       AC:  7    Str: 20    XL:     3   Next: 33%
Magic:  4/4        EV:  9    Int:  8    God:
Gold:   55         SH:  0    Dex: 10    Spells: 2/2 levels left

rFire   . . .        a - +1 war axe
rCold   . . .        (no shield)
rNeg    . . .        b - +0 scale mail
rPois   .            (no helmet)
rElec   .            (no cloak)
rCorr   .            (no gloves)
SInv    .            (no boots)
Will    .....        (no amulet) Stlth
                     (no ring)
HPRegen 0.25/turn    (no ring)
MPRegen 0.09/turn

%: no passive effects
@: mighty, lethally poisoned (0 -> -34)
A: no striking features
a: no special abilities


You were on level 2 of the Dungeon.
You visited 1 branch of the dungeon, and saw 2 of its levels.

You collected 55 gold pieces.

Inventory:

Hand Weapons
 a - a +1 war axe (weapon)
 j - a +1 dagger of venom
Missiles
 o - a throwing net (quivered)
Armour
 b - a +0 scale mail (worn)
 c - a +0 buckler
Scrolls
 f - a scroll of teleportation
 g - a scroll of fear {unknown}
 k - 2 scrolls of acquirement {unknown}
 l - a scroll of magic mapping {unknown}
 m - 2 scrolls of enchant weapon
Potions
 e - 3 potions of curing {unknown}
 h - a potion of ambrosia {unknown}
 i - a potion of brilliance {unknown}
 n - a potion of mutation {unknown}
 p - a potion of haste {unknown}


   Skills:
 + Level 4.1 Fighting
 + Level 3.3 Axes
 + Level 3.7 Armour
 - Level 3.2 Shields
 + Level 1.6 Invocations


You had 2 spell levels left.
You didn't know any spells.
Your spell library was empty.

Dungeon Overview and Level Annotations

Branches:
Dungeon (2/15)

Altars:
Okawaru

Shops:
D:1 *


Message History

The goblin shouts!
The kobold hits you but does no damage.
You are poisoned.
You hit the kobold.
The kobold is severely wounded.
You feel very sick. The kobold completely misses you.
You barely miss the kobold.
The kobold is severely wounded.
You feel sick. The kobold hits you but does no damage.
You are more poisoned.
The kobold barely misses you.
You barely miss the kobold.
The kobold is severely wounded.
You feel very sick. The kobold hits you but does no damage.
You are more poisoned.
You completely miss the kobold.
The kobold is severely wounded.
You feel very sick.
The kobold hits you with a +1 dagger of venom.
You are lethally poisoned!
You are too injured to fight recklessly!
You are too injured to fight recklessly!
You are too injured to fight recklessly!
You are too injured to fight recklessly!
You are too injured to fight recklessly!
You are too injured to fight recklessly!
You are too injured to fight recklessly!
You are too injured to fight recklessly!
Okay, then.
You feel very mighty all of a sudden.
You feel very sick. The goblin barely misses you.
The kobold hits you but does no damage.
You are more poisoned.
You hit the kobold.
You kill the kobold!
You slash the goblin!
You kill the goblin!
You die...

..>.. .# ....... .#
###
.......####.#...<
............#..##
.................
................#
.###..?.)........# .
.........@)..###.#
..
....#..###.....#.._
. ..#..............
....................
....................
....................
............#####.#.
#####.....#'### .#
...........## .#


There were no monsters in sight!

Vanquished Creatures
  A gnoll (D:1)
  An adder (D:2)
  4 ball pythons
  2 bats (D:1)
  2 goblins
  A hobgoblin (D:1)
  4 jackals (D:1)
  A kobold (D:2)
  2 rats (D:1)
18 creatures vanquished.

Notes
Turn   | Place    | Note
-------+----------+-------------------------------------------
     0 | D:1      | Nithhogg the Hill Orc Fighter began the quest for the Orb.
     0 | D:1      | Reached XP level 1. HP: 19/19 MP: 1/1
   101 | D:1      | Reached skill level 1 in Invocations
   101 | D:1      | Reached XP level 2. HP: 22/27 MP: 2/2
   325 | D:1      | Found Todazxye's Assorted Antiques.
   370 | D:1      | Reached skill level 4 in Fighting
   375 | D:1      | Reached XP level 3. HP: 28/33 MP: 2/4
   472 | D:1      | Found a faded altar of an unknown god.
   830 | D:2      | Found an iron altar of Okawaru.
   844 | D:2      | Succumbed to a kobold's poison

Illustrated notes

Levels and vault maps discovered:
D:1:      co_arrival_square_in_a_square_in_a_square, layout_basic, serial_shops,
          nicolae_shop_just_a_little_nook, hellmonk_ecumenical_altar_zigzags
D:2:      layout_basic, serial_shops, nicolae_shop_stone, basic_altar

Skill      XL: |  1  2 |
---------------+-------+-----
Axes           | 3 |  3.3
Invocations    | 1 |  1.6
Fighting       | 4 |  4.1
Armour         | |  3.7
Shields        | |  3.2

Action                     || total
---------------------------++-------
  Melee: War axe           ||    43
    Use: Scroll            ||     6
         Potion            ||     1
 Armour: Scale mail        ||    37
  Dodge: Dodged            ||    39

Table legend: (Time is in decaauts)
 A = Elapsed time spent in this place.
 B = Non-inter-level travel time spent in this place.
 C = Inter-level travel time spent in this place.
 D = Time resting spent in this place.
 E = Time spent auto-exploring this place.
 F = Levels seen in this place.
 G = Mean time per level.
                   A        B        C        D        E       F      G
               +--------+--------+--------+--------+--------+-----+--------+
         Total |    858 |    833 |     25 |     30 |    674 |   2 |  429.0 |
       Dungeon |    858 |    833 |     25 |     30 |    674 |   2 |  429.0 |
               +--------+--------+--------+--------+--------+-----+--------+

Top non-repeatable levels by time:
     D:1: 734 daAuts
     D:2: 123 daAuts
